 Dungeon Crawl Stone Soup version 0.30-a0-269-gf0224bf7b6 (webtiles) character file.

Game seed: 1308636606992501933

4286 koil the Covert (level 10, -1/51 HPs)
             Began as a Spriggan Enchanter on Oct 14, 2022.
             Was an Initiate of Dithmenos.
             Slain by an orc warrior
             ... wielding a +4 short sword
              (13 damage)
             ... on level 8 of the Dungeon on Oct 15, 2022.
             The game lasted 00:23:57 (8157 turns).

koil the Covert (Spriggan Enchanter)                Turns: 8157, Time: 00:24:00

Health: -1/51      AC:  4    Str:  4    XL:     10   Next: 10%
Magic:  29/31      EV: 23    Int: 18    God:    Dithmenos [......]
Gold:   498        SH:  0    Dex: 19    Spells: 19/24 levels left

rFire   + . .      SeeInvis +    B - +8 dagger
rCold   . . .      Faith    .    (no shield)
rNeg    . . .      Spirit   .    t - +0 robe
rPois   +          Reflect  .    (helmet restricted)
rElec   .          Harm     .    p - +1 cloak {rPois}
rCorr   .          Rampage  .    (gloves unavailable)
Will    +....                    (boots unavailable)
Stlth   +++++.....               C - amulet of regeneration
HPRegen 1.08/turn                H - ring of protection from fire
MPRegen 0.22/turn                s - ring of magical power

@: very quick
A: very small, no large weapons, unfitting armour, see invisible, speed 3
a: Renounce Religion


You were on level 8 of the Dungeon.
You worshipped Dithmenos.
Dithmenos was noncommittal.
You visited 2 branches of the dungeon, and saw 9 of its levels.

You collected 498 gold pieces.

Inventory:

Hand Weapons
 B - a +8 dagger (weapon)
Missiles
 u - a throwing net (quivered)
 I - 19 poisoned darts
Armour
 p - a +1 cloak of poison resistance (worn)
 t - a +0 robe (worn)
Jewellery
 h - a ring of flight
 s - a ring of magical power (right hand)
 C - an amulet of regeneration (around neck)
 H - a ring of protection from fire (left hand)
Wands
 a - a wand of digging (6)
 r - a wand of flame (66)
Scrolls
 e - 2 scrolls of teleportation
 m - 5 scrolls of enchant weapon
 w - a scroll of blinking
Potions
 b - 3 potions of curing
 c - 2 potions of invisibility
 f - a potion of might
 l - 3 potions of haste
 J - a potion of heal wounds


   Skills:
 + Level 4.7 Fighting
 + Level 6.6 Short Blades
 + Level 8.4 Dodging
 + Level 10.4 Stealth
 + Level 7.6 Spellcasting
 + Level 8.0 Hexes


You had 19 spell levels left.
You knew the following spells:

 Your Spells              Type           Power      Damage    Failure   Level
a - Ensorcelled Hibernat  Hex/Ice        42%        N/A       3%          2
b - Confusing Touch       Hex            35%        N/A       1%          3

Your spell library contained the following spells:

 Spells                   Type           Power      Damage    Failure   Level
 Tukima's Dance           Hex            35%        N/A       1%          3
 Dazzling Flash           Conj/Hex       42%        N/A       6%          3
 Fulminant Prism          Conj/Hex       10%        3d9       21%         4
 Gell's Gravitas          Tloc           6%         N/A       30%         3
 Kindle Blastsparks       Fire/Tloc/Air  12%        2d11      30%         3
 Lesser Beckoning         Tloc           12%        N/A       30%         3
 Teleport Other           Tloc           6%         N/A       30%         3
 Summon Mana Viper        Hex/Summ       21%        N/A       50%         5
 Iskenderun's Mystic Bla  Conj/Tloc      6%         2d4       71%         4
 Lee's Rapid Deconstruct  Erth           3%         3d6*      96%         5
 Summon Forest            Summ/Tloc      3%         N/A       96%         5
 Summon Cactus Giant      Summ           3%         N/A       100%        6
 Borgnjor's Revivificati  Necr           3%         N/A       100%        8
 Necromutation            Tmut/Necr      3%         N/A       100%        8
 Death's Door             Necr           3%         N/A       100%        9


Dungeon Overview and Level Annotations

Branches:
Dungeon (8/15)             Temple (1/1) D:4
   Lair: D:8-11

Altars:
Ashenzari
Dithmenos
Elyvilon
Fedhas
Kikubaaqudgha
Makhleb
Ru
Sif Muna
Trog
Uskayaw
Wu Jian
Xom
Yredelemnul
Zin

Shops:
D:5 *


Innate Abilities, Weirdness & Mutations

You are very small and have problems with some larger weapons.
You are too small for most types of armour.
You have supernaturally acute eyesight. (SInv)
You cover ground extremely quickly. (Speed+++)


Message History

There is a bloodstained altar of Trog here.
You hit the orc.
The orc is almost dead.
You barely miss the orc.
The orc is almost dead.
The orc hits you with a +0 hand axe.
You barely miss the orc.
The orc is almost dead.
The orc completely misses you. The orc warrior completely misses you.
The orc misses you.
You puncture the orc!
You kill the orc!
Dithmenos accepts your kill. The orc warrior closely misses you.
The orc misses you.
You hit the orc warrior.
The orc warrior is moderately wounded.
You closely miss the orc warrior.
The orc warrior is moderately wounded.
You hear a loud, deep croak!
The orc completely misses you.
The orc warrior hits you with a +4 short sword!
You hit the orc warrior.
The orc warrior is moderately wounded.
You hear a loud, deep croak!
You barely miss the orc warrior.
The orc warrior is moderately wounded.
The gargoyle hits you with a +0 flail!! The orc completely misses you.
The orc warrior hits you with a +4 short sword!
* * * LOW HITPOINT WARNING * * *
You hear an angry hiss.
Casting: Ensorcelled Hibernation (safe; 3% risk of failure)
Confirm with . or Enter, or press ? or * to list all spells.
Aiming: Ensorcelled Hibernation (safe; 3% risk of failure)
Press: ? - help, Shift-Dir - straight line, f - orc
Aim: an orc, wielding a +0 club (chance to affect: 71%)
The orc looks drowsy...
The gargoyle hurls a stone arrow at you.
The stone arrow misses you.
The stone arrow misses the orc.
The orc misses you.
The orc warrior hits you with a +4 short sword!
You die...

#. . #. # . #. #. ##.
#. ..#$. ... #. #...#
... #. ##...###..# #.
#.#..#o9##o.# # ###.
#..=9.#@##.. .# #...
#oo##.##.### #...
#...#.#?.....# #...
#..###...# #...
#.?###....####### #...
##..#.....#...... #...
.##..##.......## #...
............##.##.+...
#.#....#...#.# #.#...


You could see an orc warrior, a gargoyle and 2 orcs.

Vanquished Creatures
  Joseph (D:7)
  Eustachio (D:5)
  9 yaks
  3 water moccasins
  4 orc warriors
  A sky beast (D:7)
  An ice beast (D:5)
  An ogre (D:7)
  2 centaurs (D:6)
  2 phantoms
  3 kobold brigands
  A necrophage (D:3)
  A gnoll sergeant (D:5)
  2 scorpions
  9 orc priests
  A hound (D:3)
  Crazy Yiuf (D:2)
  A jelly (D:5)
  6 iguanas
  4 orc wizards
  5 gnolls
  3 adders
  2 ufetubi (D:5)
  5 worms
  4 dart slugs
  36 orcs
  6 ball pythons
  6 endoplasms
  5 giant cockroaches
  7 goblins
  5 hobgoblins
  2 jackals (D:2)
  5 quokkas
  7 bats
  A frilled lizard (D:2)
  22 kobolds
  3 rats
178 creatures vanquished.

Notes
Turn   | Place    | Note
-------+----------+-------------------------------------------
     0 | D:1      | koil the Spriggan Enchanter began the quest for the Orb.
     0 | D:1      | Reached XP level 1. HP: 9/9 MP: 5/5
   203 | D:1      | Reached XP level 2. HP: 6/13 MP: 6/6
   206 | D:1      | Learned a level 2 spell: Ensorcelled Hibernation
   909 | D:2      | Reached XP level 3. HP: 17/17 MP: 8/8
  1161 | D:2      | Reached skill level 5 in Stealth
  1607 | D:2      | Found a runed translucent door.
  1608 | D:2      | Noticed Crazy Yiuf
  1615 | D:2      | Killed Crazy Yiuf
  1616 | D:2      | Reached skill level 1 in Fighting
  1616 | D:2      | Reached XP level 4. HP: 13/22 MP: 2/9
  1853 | D:3      | Found a faded altar of an unknown god.
  2109 | D:3      | Noticed a necrophage
  2137 | D:3      | Learned a level 3 spell: Confusing Touch
  2149 | D:3      | Killed a necrophage
  2150 | D:3      | Reached XP level 5. HP: 16/25 MP: 8/11
  2687 | D:4      | Reached XP level 6. HP: 26/30 MP: 9/12
  3010 | D:4      | Reached skill level 6 in Stealth
  3269 | D:4      | Found a staircase to the Ecumenical Temple.
  3767 | D:5      | Entered Level 5 of the Dungeon
  3985 | D:5      | Noticed an ice beast
  3998 | D:5      | Killed an ice beast
  3999 | D:5      | Reached skill level 5 in Hexes
  4021 | D:5      | Identified the +8 morningstar of the Blue God {vorpal, Fly
                  | rF+ rN++ Dex-2}
  4037 | D:5      | Reached XP level 7. HP: 35/35 MP: 0/14
  4181 | D:5      | Noticed Eustachio
  4184 | D:5      | Killed Eustachio
  4185 | D:5      | Reached skill level 5 in Dodging
  4303 | D:5      | Found Ixughuu's Gadget Gallery.
  4395 | D:5      | Reached skill level 7 in Stealth
  4742 | D:5      | Reached skill level 5 in Spellcasting
  4761 | D:5      | Reached XP level 8. HP: 32/39 MP: 5/16
  5150 | D:5      | Reached skill level 8 in Stealth
  5296 | D:5      | Reached skill level 5 in Short Blades
  5705 | D:6      | Reached XP level 9. HP: 45/45 MP: 15/19
  6113 | D:7      | Reached skill level 9 in Stealth
  6114 | D:7      | Found a bloodstained altar of Trog.
  6443 | D:7      | Noticed Joseph
  6450 | D:7      | Killed Joseph
  6451 | D:7      | Reached skill level 10 in Stealth
  6557 | D:7      | Found a burning altar of Makhleb.
  7331 | D:8      | Reached XP level 10. HP: 37/51 MP: 22/22
  7422 | Temple   | Entered the Ecumenical Temple
  7617 | Temple   | Became a worshipper of Dithmenos the Shadowed
  8140 | D:8      | Found a bloodstained altar of Trog.
  8144 | D:8      | Noticed a gargoyle
  8157 | D:8      | Slain by an orc warrior

Illustrated notes

Levels and vault maps discovered:
D:1:      enne_arrival_octagon_isle, layout_basic, minmay_misc_feat_roman
D:2:      layout_loops_cross, uniq_crazy_yiuf_cottage
D:3:      layout_loops_ring, dreamdust_ecumenical_altar_grove
D:4:      layout_basic, minmay_temple_entry_mini_moons
D:5:      minmay_general_purpose_star, layout_basic,
          chequers_ossuary_entry_cave, nicolae_shop_gadgets, uniq_eustachio
D:6:      layout_cave_pools, kennysheep_cross_bottleneck
D:7:      layout_basic, trog_antimagical, mainiacjoe_overflow_alcove_2,
          grunt_ministairs_15, lemuel_flamethrower_1, uniq_joseph
D:8:      layout_basic, nicolae_overflow_crystal_walls, minmay_ruined_shrine
Temple:   chequers_temple_sunken

Skill      XL: |  1  2  3  4  5  6  7  8  9 10 |
---------------+-------------------------------+-----
Spellcasting   | 3 4 5 6 7 |  7.6
Dodging        | 3 4 5 6 8 |  8.4
Hexes          | 4 5 6 7 8 |  8.0
Stealth        | 5 6 7 8 10 | 10.4
Fighting       | 1 2 3 4 |  4.7
Short Blades   | 2 3 4 5 6 |  6.6

Action                   |  1- 3 |  4- 6 |  7- 9 | 10-12 || total
-------------------------+-------+-------+-------+-------++-------
Melee: Dagger            |   139 |   177 |   163 |    40 ||   519
       Punch             |     1 |     1 |     2 |     1 ||     5
 Cast: Ensorcelled Hiber |     4 |    29 |    39 |     4 ||    76
       Confusing Touch   |       |     2 |     1 |       ||     3
  Use: Scroll            |       |       |       |    12 ||    12
       Potion            |       |       |       |     9 ||     9
 Stab: Sleeping          |    13 |    28 |    44 |     4 ||    89
       Confused          |       |     2 |     1 |       ||     3
Armor: Robe              |    10 |    22 |    16 |       ||    48
Dodge: Dodged            |    75 |   127 |   150 |    31 ||   383

Table legend: (Time is in decaauts)
 A = Elapsed time spent in this place.
 B = Non-inter-level travel time spent in this place.
 C = Inter-level travel time spent in this place.
 D = Time resting spent in this place.
 E = Time spent auto-exploring this place.
 F = Levels seen in this place.
 G = Mean time per level.
                   A        B        C        D        E       F      G
               +--------+--------+--------+--------+--------+-----+--------+
         Total |   6014 |   5788 |    226 |    666 |   3813 |   9 |  668.2 |
       Dungeon |   5558 |   5336 |    222 |    477 |   3665 |   8 |  694.8 |
        Temple |    456 |    453 |      3 |    189 |    148 |   1 |  456.0 |
               +--------+--------+--------+--------+--------+-----+--------+

Top non-repeatable levels by time:
     D:5: 1281 daAuts
     D:7: 915 daAuts
     D:4: 895 daAuts
     D:3: 614 daAuts
     D:2: 592 daAuts
     D:1: 587 daAuts
     D:6: 513 daAuts
  Temple: 456 daAuts
     D:8: 158 daAuts
